AoeStats
← rashbalash

Nomad

509794398Analyzed
4v4 RM · 5d ago on Sep 28, 2026· 28m 13s· 8 players
Game mode
Random Map
Map size
231×231
Population
200
Speed
Normal
Resources
Standard
Victory
Conquest
Starting age
Dark Age
Ending age
Imperial Age
RankedLock teamsTeams togetherTeam positionsShared explorationLock speedFull tech treeHidden civsTurbo modeCheats
Victory
Defeat
🇺🇸 Maya · United States
1155
+12
🇺🇸 Malay · United States
1129
+13
🇺🇸 Slavs · United States
1087
+14
🇺🇸 Byzantines · United States
1059
+15
1075
-14
🇸🇪 Franks · Sweden
1058
-14
🇲🇽 Vietnamese · Mexico
1047
-13
🇮🇩 Japanese · Indonesia
1040
-13
l BALLACK l2790
14:00 Feudal Age
20:32 Castle Age
18:46 Horse Collar
18:54 Double-Bit Axe
19:31 Stone Mining
19:34 Gold Mining
20:51 Loom
21:42 Wheelbarrow
22:37 Bow Saw
23:34 Hand Cart
23:27 Heavy Plow
24:29 Chatras
25:28 Stone Shaft Mining
24:55 Fletching
25:06 Padded Archer Armor
AFK or first to leave? EATMY ass
14:10 Feudal Age
21:49 Double-Bit Axe
24:27 Castle Age
FappingFuriously
3:21 Loom
14:47 Feudal Age
20:47 Castle Age
20:04 Forging
20:59 Arson
21:17 Scale Mail Armor
23:13 Pikeman
halilbugra
6:54 Loom
19:44 Feudal Age
24:51 Castle Age
rashbalash
4:28 Loom
14:57 Feudal Age
21:08 Castle Age
22:16 Squires
22:31 Scale Barding Armor
22:25 Double-Bit Axe
23:55 Pikeman
26:13 Husbandry
ScoobaDoobaDoo
4:32 Loom
16:00 Feudal Age
19:51 Castle Age
17:54 Double-Bit Axe
17:56 Horse Collar
19:22 Wheelbarrow
19:19 Gold Mining
19:43 Man-at-Arms
20:28 Scale Mail Armor
21:07 Squires
20:30 Long Swordsman
21:55 Bow Saw
21:49 Heavy Plow
25:49 Forging
27:58 Chain Mail Armor
Cthpoolu
4:39 Loom
13:47 Feudal Age
17:54 Castle Age
16:37 Double-Bit Axe
17:14 Fletching
18:57 Stone Mining
19:05 Bodkin Arrow
Milaad
6:18 Loom
18:00 Feudal Age
18:36 Wheelbarrow
17:54 Gold Mining
18:17 Double-Bit Axe
22:31 Castle Age
21:05 Scale Barding Armor
21:10 Forging
25:41 Husbandry
Connection lost

Rejoining the realm…

Still unreachable

The connection could not be restored.

Session expired

The server has moved on; the page needs a fresh start.